 Dungeon Crawl Stone Soup version 0.23.1 (webtiles) character file.

Game seed: 8620629709194163579

148 PikkenKukken the Shooter (level 5, -5/42 HPs)
             Began as a Centaur Arcane Marksman on Mar 11, 2019.
             Was an Initiate of Okawaru.
             Slain by a mummy (17 damage)
             ... on level 4 of the Dungeon.
             The game lasted 00:05:30 (3396 turns).

PikkenKukken the Shooter (Centaur Arcane Marksman)  Turns: 3396, Time: 00:05:30

Health: -5/42      AC:  6    Str: 12    XL:     5   Next: 8%
Magic:  6/6        EV:  9    Int: 12    God:    Okawaru [......]
Gold:   101        SH:  0    Dex: 11    Spells: 5/6 levels left

rFire    . . .     SeeInvis .   b - +0 hand axe
rCold    . . .     Gourm    .   (no shield)
rNeg     . . .     Faith    .   q - +1 ring mail
rPois    .         Spirit   .   (no helmet)
rElec    .         Reflect  .   (no cloak)
rCorr    .         Harm     .   (no gloves)
MR       .....                  (no barding)
Stlth    ..........             (no amulet)
HPRegen  0.14/turn              (no ring)
MPRegen  0.10/turn              (no ring)

@: very quick
A: large, hooves 3, deformed body, speed 2, tough skin 3
a: Renounce Religion


You were on level 4 of the Dungeon.
You worshipped Okawaru.
Okawaru was noncommittal.
You were hungry.

You visited 1 branch of the dungeon, and saw 4 of its levels.

You collected 271 gold pieces.
You spent 170 gold pieces at shops.

Inventory:

Hand Weapons
 a - a +0 shortbow
 b - a +0 hand axe (weapon)
Missiles
 d - 42 arrows
Armour
 e - a +0 robe
 q - a +1 ring mail (worn)
Wands
 h - a wand of paralysis (3)
Scrolls
 g - a scroll of teleportation
 j - 3 scrolls of remove curse
 n - a scroll of fog
 o - 2 scrolls of identify
 s - a scroll of magic mapping
 u - a scroll of blinking
Potions
 c - a potion of flight
 i - a potion of brilliance
 k - 4 potions of curing
 l - a potion of magic
 m - a potion of heal wounds
 p - a potion of cancellation
 r - a potion of ambrosia
 t - a potion of invisibility
Comestibles
 f - 2 rations


   Skills:
 * Level 2.7 Fighting
 * Level 4.3 Bows
 + Level 1.0 Armour
 * Level 2.4 Dodging
 - Level 1.0 Spellcasting
 - Level 2.6 Hexes


You had 5 spell levels left.
You knew the following spells:

 Your Spells              Type           Power        Failure   Level  Hunger
a - Corona                Hex            #......      22%         1    ##.....

Your spell library contained the following spells:

 Spells                   Type           Power        Failure   Level  Hunger
 Slow                     Hex            #.......     34%         2    ###....
 Inner Flame              Hex/Fire       #.......     75%         3    ####...
 Portal Projectile        Hex/Tloc       #.....       75%         3    ####...
 Recall                   Summ/Tloc      N/A          90%         3    ####...
 Cause Fear               Hex            #.........   92%         4    #####..
 Leda's Liquefaction      Hex/Erth       #.........   98%         4    #####..
 Aura of Abjuration       Summ           #.........   100%        5    ######.
 Summon Demon             Summ           #.........   100%        5    ######.
 Summon Forest            Summ/Tloc      #.........   100%        5    ######.
 Summon Mana Viper        Hex/Summ       #.......     100%        5    ######.
 Shadow Creatures         Summ           N/A          100%        6    #######


Dungeon Overview and Level Annotations

Branches:
Dungeon (4/15)
 Temple: D:4-7

Altars:
Ashenzari
Okawaru
Sif Muna
Trog

Shops:
D:4 *

Portals:
Ossuary: D:4


Innate Abilities, Weirdness & Mutations

You have hooves in place of feet.
Armour fits poorly on your strangely shaped body.
You cover ground very quickly.
You have extremely tough skin. (AC +3)


Message History

You hit the mummy but do no damage. Your kick misses the mummy.
The mummy barely misses you.
You hit the mummy but do no damage. You closely miss the mummy.
The mummy hits you.
You barely miss the mummy. You kick the mummy.
The mummy is lightly damaged.
The mummy hits you!
You barely miss the mummy. You kick the mummy.
The mummy is heavily damaged.
The mummy hits you!
You closely miss the mummy.
The mummy is heavily damaged.
The mummy hits you.
* * * LOW HITPOINT WARNING * * *
You barely miss the mummy. Your kick misses the mummy.
The mummy is heavily damaged.
You barely miss the mummy. You kick the mummy.
The mummy is severely damaged.
The mummy hits you!
You die...

#...##.'.....###
...#.###...#.?....
..##..##.....#####
..###...#...######
#.'.......##...#
###...#......#
#..##...##.#
#.###..># #
..##∩M@..# ##.
###....# #. #.#.##
#. #....# .(.###
..## ##.. #.#


You could see a mummy.

Vanquished Creatures
  2 orc wizards (D:3)
  An adder (D:3)
  3 worms
  3 dart slugs
  2 leopard geckos
  6 orcs (D:3)
  4 bats
  5 giant cockroaches
  8 goblins
  7 hobgoblins
  4 ball pythons
  4 frilled lizards
  A goblin zombie (D:4)
  A hobgoblin zombie (D:4)
  5 kobolds
  6 rats
62 creatures vanquished.

Notes
Turn   | Place    | Note
-------+----------+-------------------------------------------
     0 | D:1      | PikkenKukken the Centaur Arcane Marksman began the quest
                  | for the Orb.
     0 | D:1      | Reached XP level 1. HP: 16/16 MP: 2/2
    96 | D:1      | Reached skill level 3 in Bows
   298 | D:1      | Reached XP level 2. HP: 21/23 MP: 3/3
   795 | D:1      | You fall through a shaft!
   839 | D:2      | Reached XP level 3. HP: 25/29 MP: 4/4
  1647 | D:2      | Found a bloodstained altar of Trog.
  2101 | D:3      | Reached XP level 4. HP: 33/36 MP: 5/5
  2117 | D:3      | Reached skill level 4 in Bows
  2125 | D:3      | Reached skill level 1 in Armour
  2347 | D:3      | Found a deep blue altar of Sif Muna.
  2347 | D:3      | Found a shattered altar of Ashenzari.
  2354 | D:3      | Found a faded altar of an unknown god.
  2356 | D:3      | Found a faded altar of an unknown god.
  2360 | D:3      | Found an iron altar of Okawaru.
  2365 | D:3      | Became a worshipper of Warmaster Okawaru
  2515 | D:3      | Reached XP level 5. HP: 23/42 MP: 6/6
  3242 | D:4      | Found Extuaxaw's General Store.
  3270 | D:4      | Bought a potion of invisibility for 88 gold pieces
  3270 | D:4      | Bought a scroll of blinking for 82 gold pieces
  3387 | D:4      | Found a sand-covered staircase.
  3396 | D:4      | Slain by a mummy

Skill      XL: |  1  2  3  4 |
---------------+-------------+-----
Bows           | 3 4 |  4.3
Dodging        | 2 |  2.4
Fighting       | 2 |  2.7
Armour         | 1 |  1.0
Spellcasting   | |  1.0
Hexes          | |  2.6

Action                   |  1- 3 |  4- 6 || total
-------------------------+-------+-------++-------
Melee: Dagger            |    25 |       ||    25
       Kick              |    22 |    10 ||    32
       Hand axe          |    59 |    53 ||   112
 Fire: Shortbow          |    28 |    29 ||    57
  Use: Scroll            |     7 |     8 ||    15
  Eat: Chunk             |     2 |     3 ||     5
Armor: Robe              |    10 |       ||    10
       Ring mail         |    18 |    22 ||    40
Dodge: Dodged            |    34 |    23 ||    57
